 Dungeon Crawl Stone Soup version 0.31-a0-426-g3a05650e59 (webtiles) character file.

Game seed: 7219796886474184679

58 Gelion the Changeling (level 4, -5/29 HPs)
             Began as an Octopode Shapeshifter on July 31, 2023.
             Slain by a gnoll
             ... wielding a +0 spear
              (8 damage)
             ... on level 2 of the Dungeon.
             The game lasted 00:03:09 (1568 turns).

Gelion the Changeling (Octopode Shapeshifter)       Turns: 1568, Time: 00:03:09

Health: -5/29      AC:  1    Str: 14    XL:     4   Next: 1%
Magic:  4/4        EV: 13    Int: 10    God:
Gold:   59         SH:  0    Dex: 14    Spells: 3/3 levels left

rFire   . .          .
                       - Unarmed
rCold   . . .        (no shield)
rNeg    . . .        (helmet currently unavailable)
rPois   .            (no amulet)
rElec   .            (no ring)
rCorr   .            (no ring)
SInv    .            (no ring)
Will    .....        (no ring)
Stlth   ++           (no ring)
HPRegen 0.24/turn    (no ring)
MPRegen 0.09/turn    (no ring)
                     (no ring)

%: no passive effects
@: beast-form
A: beast (slay +2), almost no armour, amphibious, 8 rings, camouflage 1,
gelatinous body 1, (nimble swimmer 1), tentacles
a: Begin Untransformation


You were on level 2 of the Dungeon.
You were a hulking beast.
You visited 1 branch of the dungeon, and saw 2 of its levels.

You collected 59 gold pieces.

Inventory:

Talismans
 b - a beast talisman (active)
 d - a granite talisman
Scrolls
 e - a scroll of summoning {unknown}
 h - a scroll of amnesia {unknown}
 j - a scroll of enchant weapon {unknown}
 k - a scroll of noise
Potions
 a - a potion of lignification
 c - 3 potions of invisibility {unknown}
 f - a potion of attraction {unknown}
 g - a potion of heal wounds {unknown}
 i - a potion of curing {unknown}
 l - a potion of cancellation {unknown}


   Skills:
 + Level 2.0 Fighting
 - Level 2.0 Dodging
 + Level 3.4 Unarmed Combat
 * Level 3.7 Shapeshifting


You had 3 spell levels left.
You didn't know any spells.
Your spell library contained the following spells:

 Spells                   Type           Power      Damage    Failure   Level
 Slow                     Hex            0%         N/A       36%         1
 Confusing Touch          Hex            0%         N/A       75%         3
 Vampiric Draining        Necr           0%         2d6       75%         3


Dungeon Overview and Level Annotations

Branches:
Dungeon (2/15)

Altars:


Innate Abilities, Weirdness & Mutations

You are a hulking beast.
Your limbs bulge with bestial killing power. (Slay +2)
You cannot wear most types of armour.
You are amphibious.
You can wear up to eight rings at the same time.
Your skin changes colour to match your surroundings (Stealth+).
Your rubbery body absorbs attacks. (AC +1, EV +1)
((You are camouflaged when in or above water. (Stealth+)))
You have tentacles for arms and can constrict up to eight enemies at once.


Message History

The gnoll completely misses you.
The gnoll shouts!
You tentacle-slap the gnoll. You grab the gnoll. You squeeze the gnoll.
The gnoll is moderately wounded.
You constrict the gnoll, but do no damage.
The gnoll closely misses you. The gnoll hits you with a +0 whip!
You tentacle-slap the gnoll.
The gnoll is heavily wounded.
You constrict the gnoll.
The gnoll hits you from afar with a +0 spear.
The gnoll hits you with a +0 whip.
* * * LOW HITPOINT WARNING * * *
You release your grip on the gnoll.
The gnoll attacks as you move away! The gnoll completely misses you.
The gnoll attacks as you move away! The gnoll hits you with a +0 whip.
* * * LOW HITPOINT WARNING * * *
A ball python comes into view.
The ball python hisses angrily.
You tentacle-slap the gnoll.
You kill the gnoll!
Your Fighting skill increases to level 2!
You have reached level 4!
The gnoll throws a throwing net.
The throwing net barely misses you.
You see here a throwing net.
Found a book of Necromancy.
The gnoll throws a throwing net.
The throwing net hits you.
You become entangled in the net!
You see here a throwing net.
You tear a large gash into the net.
You struggle against the net.
A gnoll comes into view. It is wielding a +0 club.
You rip the net and break free!
The gnoll hits you from afar with a +0 spear.
* * * LOW HITPOINT WARNING * * *
As you read the scroll labelled OMAGOIGHEL, it crumbles to dust.
You hear a loud clanging noise!
It was a scroll of noise.
The gnoll shouts!
You hear an angry hiss.
The gnoll hits you from afar with a +0 spear!
You die...

### ..# #.# #.# # ..# #.#.#
#g######.#.#
##.##.##.gS(...#
.:..g..h.###.### ##.##.####
#.# # #.######g#
#.##...S.)..# ###
#....#############
######.......##.##.........#
....##.###...###.#.#######.#
###.##.##.#..####..##### #.#
###.##.#...............# #.#


You could see 2 gnolls and a ball python.

Vanquished Creatures
  A gnoll (D:2)
  A dart slug (D:1)
  5 endoplasms
  3 giant cockroaches
  4 hobgoblins
  7 kobolds
  2 quokkas
  3 ball pythons
  5 bats
  10 frilled lizards (D:1)
  A goblin (D:1)
  2 rats (D:1)
44 creatures vanquished.

Notes
Turn   | Place    | Note
-------+----------+-------------------------------------------
     0 | D:1      | Gelion the Octopode Shapeshifter began the quest for the
                  | Orb.
     0 | D:1      | Reached XP level 1. HP: 13/13 MP: 1/1
    84 | D:1      | Reached XP level 2. HP: 17/18 MP: 2/2
   390 | D:1      | Reached XP level 3. HP: 23/23 MP: 3/3
   970 | D:2      | Identified the +10 hand axe of the Gloaming {drain, rC+
                  | Str+2 Dex-3}
  1557 | D:2      | Reached XP level 4. HP: 4/29 MP: 4/4
  1568 | D:2      | Slain by a gnoll

Illustrated notes

Levels and vault maps discovered:
D:1:      ncdulo_lavacross, layout_basic, minmay_lizard_pond
D:2:      layout_loops_corners

Skill      XL: |  1  2  3 |
---------------+----------+-----
Fighting       | 2 |  2.0
Dodging        | |  2.0
Unarmed Combat | |  3.4
Shapeshifting  | |  3.7

Action                     |  1- 3 |  4- 6 || total
---------------------------+-------+-------++-------
  Melee: Unarmed           |    77 |       ||    77
         Constrict         |    16 |       ||    16
         Tentacles         |    11 |       ||    11
         Punch             |     2 |       ||     2
    Use: Scroll            |       |     1 ||     1
   Stab: Sleeping          |     8 |       ||     8
 Armour: Skin              |    10 |       ||    10
  Dodge: Dodged            |    55 |     1 ||    56

Table legend: (Time is in decaauts)
 A = Elapsed time spent in this place.
 B = Non-inter-level travel time spent in this place.
 C = Inter-level travel time spent in this place.
 D = Time resting spent in this place.
 E = Time spent auto-exploring this place.
 F = Levels seen in this place.
 G = Mean time per level.
                   A        B        C        D        E       F      G
               +--------+--------+--------+--------+--------+-----+--------+
         Total |   1563 |   1459 |    104 |      0 |   1177 |   2 |  781.5 |
       Dungeon |   1563 |   1459 |    104 |      0 |   1177 |   2 |  781.5 |
               +--------+--------+--------+--------+--------+-----+--------+

Top non-repeatable levels by time:
     D:2: 801 daAuts
     D:1: 762 daAuts
